 Dungeon Crawl Stone Soup version 0.31.0-4-g52a2dc7128 (webtiles) character file.

Game seed: 9992435953499421857

1457 Arzdou the Thaumaturge (level 8, -7/40 (41) HPs)
             Began as a Deep Elf Fire Elementalist on Jan 21, 2024.
             Was a Believer of Vehumet.
             Killed by divine providence
             ... invoked by Jeremiah
              (15 damage)
             ... on level 6 of the Dungeon.
             The game lasted 00:12:32 (5400 turns).

Arzdou the Thaumaturge (Deep Elf Fire Elementalist) Turns: 5400, Time: 00:12:33

HP:   -7/40 (41)    AC:  6    Str: 10    XL:     8   Next: 47%
MP:   16/23         EV: 19    Int: 23    God:    Vehumet [**....]
Gold: 214           SH:  0    Dex: 15    Spells: 16/25 levels left

rFire   + + .        b - staff of fire
rCold   x . .        (no shield)
rNeg    . . .        m - +0 robe
rPois   .            (no helmet)
rElec   .            w - +1 cloak {Stlth+}
rCorr   .            z - +0 pair of gloves
SInv    .            n - +0 pair of boots
Will    .....        h - amulet of Vadwolir {RegenMP +Inv Will- Str+5 Stlth+}
Stlth   +++++        t - +5 ring of evasion
HPRegen 0.26/turn    u - ring of fire
MPRegen 0.58/turn

%: no passive effects
@: lightly drained
A: no striking features
a: Renounce Religion, Evoke Invisibility


You were on level 6 of the Dungeon.
You worshipped Vehumet.
Vehumet was pleased with you.
You visited 2 branches of the dungeon, and saw 7 of its levels.
You also visited: Sewer.

You collected 214 gold pieces.

Inventory:

Hand Weapons
 a - a +3 dagger of electrocution
Missiles
 q - a throwing net
Armour
 m - a +0 robe (worn)
 n - a +0 pair of boots (worn)
 w - a +1 cloak of stealth (worn)
 z - a +0 pair of gloves (worn)
Magical Staves
 b - a staff of fire (weapon)
Jewellery
 h - the amulet of Vadwolir (around neck) {RegenMP +Inv Will- Str+5 Stlth+}
   (You found it on level 2 of the Dungeon)

   [amulet of magic regeneration]

   RegenMP:   It increases your rate of magic regeneration.
   Str+5:     It affects your strength (+5).
   Will-:     It decreases your willpower.
   +Inv:      It lets you turn invisible.
   Stlth+:    It makes you more stealthy.
 t - a +5 ring of evasion (left hand)
 u - a ring of fire (right hand)
Scrolls
 d - a scroll of blinking
 f - 2 scrolls of amnesia
 i - a scroll of noise {unknown}
 r - a scroll of silence {unknown}
 s - a scroll of teleportation
 x - a scroll of fog {unknown}
 A - a scroll of fear {unknown}
 C - a scroll of enchant armour {unknown}
Potions
 c - 2 potions of invisibility {unknown}
 e - 2 potions of mutation
 g - 2 potions of magic
 j - a potion of curing {unknown}
 k - a potion of degeneration {unknown}
 l - a potion of might {unknown}
 o - 3 potions of haste
 p - 4 potions of heal wounds
 v - a potion of attraction {unknown}
 B - 2 potions of experience {unknown}


   Skills:
 + Level 4.8 Dodging
 + Level 4.0 Stealth
 - Level 9.0 Spellcasting
 - Level 6.0 Conjurations
 - Level 6.0 Fire Magic


You had 16 spell levels left.
You knew the following spells:

 Your Spells              Type           Power      Damage    Failure   Level
a - Foxfire               Conj/Fire      100%       2x1d9     1%          1
b - Scorch                Fire           100%       2d9       1%          2
c - Blink                 Tloc           20%        N/A       10%         2
d - Flame Wave            Conj/Fire      71%        2d16      5%          4

Your spell library contained the following spells:

 Spells                   Type           Power      Damage    Failure   Level
 Sandblast                Erth           20%        2d7       6%          1
 Momentum Strike          Conj/Tloc      48%        3d9       2%          2
 Inner Flame              Hex/Fire       53%        N/A       5%          3
 Volatile Blastmotes      Fire/Tloc      100%       2d18      5%          3
 Lesser Beckoning         Tloc           20%        N/A       10%         2


Dungeon Overview and Level Annotations

Branches:
Dungeon (6/15)             Temple (1/1) D:5           Sewer (visited)

Altars:
Ashenzari
Cheibriados
Elyvilon
Fedhas
Gozag
Hepliaklqana
Makhleb
Nemelex Xobeh
Okawaru
Qazlal
Ru
Sif Muna
Trog
Uskayaw
Vehumet
Wu Jian
Xom
Yredelemnul
The Shining One

Annotations:
D:4 3 runed translucent doors, Aviak's ghost, novice GnRe
D:6 Dowan; Grinder; Jeremiah


Message History

Jeremiah is almost dead.
Jeremiah's fire resistance burns away.
Casting: Scorch (safe; 1% risk of failure)
Confirm with . or Enter, or press ? or * to list all spells.
You feel a strong surge of power!
Flames lash the butterfly.
You kill the butterfly!
The butterfly disappears in a burst of colours!
Jeremiah hops!
Casting: Scorch (safe; 1% risk of failure)
Confirm with . or Enter, or press ? or * to list all spells.
You feel a strong surge of power!
Flames lash the butterfly.
You kill the butterfly!
The butterfly disappears in a burst of colours!
Jeremiah whispers, "I obey.
I obey.
I obey."
Jeremiah completely misses you.
You hit the butterfly.
You kill the butterfly!
The butterfly disappears in a burst of colours!
Jeremiah is no longer more vulnerable to fire.
The butterfly disappears in a burst of colours!
Jeremiah shouts, "O dreadful one, destroy my foe!"
Something smites you!
* * * LOW HITPOINT WARNING * * *
You hit the butterfly.
You kill the butterfly!
The butterfly disappears in a burst of colours!
Jeremiah misses you.
You closely miss the butterfly.
Jeremiah hops!
Casting: Scorch (safe; 1% risk of failure)
Confirm with . or Enter, or press ? or * to list all spells.
You feel a strong surge of power!
Flames lash the butterfly.
You kill the butterfly!
The butterfly disappears in a burst of colours!
Jeremiah completely misses you.
You completely miss the butterfly.
The butterfly disappears in a burst of colours! x3
Jeremiah throws their arms up pleadingly.
Something smites you!
You die...
Jeremiah asks, "Is it over?
Can I wake up now?"

.......#.#.#######
## ###....#...#
..#.##..##.###
#.#.##...#...###
#.#.##.#.....bb##
#.#.##.####.##.b##
#.#.##.# #.###..#
..#.##.# #.####b#
#.#.##.# #..###@#
#.#.##># ##....b##
#[#.##.#
#####bF############
#.#..#.#
#b>...........#
..#..#.#
#############.#
###..#.# #.#
.....#.# #.#
###..#.# #.#
..#..#.# #.#


You could see Jeremiah.

Vanquished Creatures
  Eustachio (D:5)
  An orc warrior (D:6)
  A phantom (D:5)
  3 scorpions
  2 howler monkeys (D:5)
  2 bombardier beetles
  A hound (D:4)
  A gnoll bouda (D:4)
  2 orc priests
  Crazy Yiuf (D:4)
  3 iguanas
  A sleepcap (D:4)
  5 orc wizards
  19 gnolls
  9 adders
  7 river rats (Sewer)
  2 white imps (D:6)
  2 dart slugs (D:2)
  3 ribbon worms (D:3)
  11 orcs
  5 bats
  9 endoplasms
  3 giant cockroaches
  4 goblins
  6 hobgoblins
  2 jackals (D:5)
  2 quokkas
  9 ball pythons
  2 frilled lizards
  17 kobolds
  20 rats
156 creatures vanquished.

Vanquished Creatures (others)
  An orc wizard (D:6)
  342 foxfires
343 creatures vanquished.

Grand Total: 499 creatures vanquished

Notes
Turn   | Place    | Note
-------+----------+-------------------------------------------
     0 | D:1      | Arzdou the Deep Elf Fire Elementalist began the quest for
                  | the Orb.
     0 | D:1      | Reached XP level 1. HP: 10/10 MP: 6/6
   185 | D:1      | Reached XP level 2. HP: 15/15 MP: 4/8
   827 | D:2      | Reached skill level 4 in Spellcasting
   872 | D:2      | Reached XP level 3. HP: 19/19 MP: 3/10
   944 | D:2      | Identified the amulet of Vadwolir {RegenMP +Inv Will- Str+5
                  | Stlth+}
   973 | D:2      | Reached XP level 4. HP: 3/24 MP: 9/12
  1077 | D:2      | Reached skill level 5 in Spellcasting
  1131 | D:2      | Learned a level 2 spell: Scorch
  2154 | D:4      | Reached skill level 6 in Spellcasting
  2154 | D:4      | Reached XP level 5. HP: 28/28 MP: 11/15
  2400 | D:4      | Reached XP level 6. HP: 32/32 MP: 13/17
  2517 | D:4      | Reached skill level 7 in Spellcasting
  2686 | D:4      | Found a runed translucent gate.
  2686 | D:4      | Found a runed translucent gate.
  2686 | D:4      | Found a runed translucent gate.
  2687 | D:4      | Noticed Aviak's ghost (novice GnRe)
  2688 | D:4      | Identified the +2 chain mail "Tuusu" {rElec Str-4 Dex+8}
  2799 | D:4      | Found a runed translucent door.
  2800 | D:4      | Noticed Crazy Yiuf
  2807 | D:4      | Killed Crazy Yiuf
  2808 | D:4      | Reached skill level 5 in Fire Magic
  2817 | D:4      | Identified the +6 hammer of the Exiled Scars {venom, Str+7
                  | Int+3}
  2972 | D:5      | Entered Level 5 of the Dungeon
  2981 | D:5      | Found a staircase to the Ecumenical Temple.
  3038 | Temple   | Entered the Ecumenical Temple
  3053 | Temple   | Became a worshipper of Vehumet
  3185 | D:5      | Reached XP level 7. HP: 36/36 MP: 15/20
  3186 | D:5      | Reached skill level 8 in Spellcasting
  3414 | D:5      | Reached skill level 9 in Spellcasting
  3854 | D:6      | Reached skill level 5 in Conjurations
  3863 | D:6      | Noticed Jeremiah
  3945 | D:5      | Noticed Eustachio
  3962 | D:5      | Killed Eustachio
  3963 | D:5      | Reached XP level 8. HP: 40/41 MP: 17/23
  4042 | D:6      | Reached * piety under Vehumet
  4042 | D:6      | Offered knowledge of Kiss of Death by Vehumet.
  4072 | D:6      | Learned a level 2 spell: Blink
  4077 | D:6      | Learned a level 4 spell: Flame Wave
  4124 | D:6      | Found a glowing drain.
  4137 | Sewer    | Entered a sewer
  4421 | Sewer    | Reached ** piety under Vehumet
  4426 | Sewer    | Offered knowledge of Sandblast by Vehumet.
  4735 | D:6      | Noticed Grinder
  4741 | D:6      | Noticed Dowan
  5400 | D:6      | Killed from afar by Jeremiah

Illustrated notes

Levels and vault maps discovered:
D:1:      orjb1_lava_funnel, layout_loops_ring
D:2:      layout_loops_ring, hangedman_decor_points
D:3:      layout_basic
D:4:      layout_loops_cross, biasface_ghost_orc_armoury,
          uniq_crazy_yiuf_cottage
D:5:      layout_basic, minmay_temple_entry_slanted, nrook_pool_corridor,
          uniq_eustachio
D:6:      layout_basic, portal_sewer_entry_d, hangedman_abyss_or_decor_slice,
          roderic_lattice_a, chequers_garden, uniq_grinder, uniq_jeremiah,
          uniq_duvessa
Temple:   nicolae_temple_bog_church

Skill      XL: |  1  2  3  4  5  6  7  8 |
---------------+-------------------------+-----
Spellcasting   | 4 6 7 9 |  9.0
Conjurations   | 2 3 5 6 |  6.0
Fire Magic     | 4 5 6 |  6.0
Dodging        | 4 |  4.8
Stealth        | 4 |  4.0

Action                     |  1- 3 |  4- 6 |  7- 9 || total
---------------------------+-------+-------+-------++-------
  Melee: Unarmed           |     3 |       |       ||     3
         Staff             |     1 |     3 |    10 ||    14
   Cast: Foxfire           |    41 |    61 |    98 ||   200
         Scorch            |       |    57 |    89 ||   146
    Use: Scroll            |       |       |     8 ||     8
 Armour: Robe              |     5 |    10 |    20 ||    35
  Dodge: Dodged            |     7 |     8 |    33 ||    48
